| TOP OF THE 1ST |
|
New York Mets batting - Pitching for Montreal Expos : RHP Jonathan Jackson
|
|
Pitching: RHP Jonathan Jackson
|
|
|
Batting: RHB Finn Ross
|
0-0: SINGLE (Groundball, 6MD, EV 102.5 MPH)
|
|
Batting: RHB Billy Walker
|
0-0: Grounds into double play, 5-4-3 (Groundball, 56, EV 110.0 MPH)
|
|
Batting: LHB Kevin Bellman
|
0-0: Called Strike 0-1: Fly out, F7 (Flyball, 78M, EV 91.9 MPH)
|
| Top of the 1st over - 0 runs, 1 hit, 0 errors, 0 left on base; New York 0 - Montreal 0 |
| BOTTOM OF THE 1ST |
|
Montreal Expos batting - Pitching for New York Mets : RHP Apostolos Tsatsos
|
|
Pitching: RHP Apostolos Tsatsos
|
|
|
Batting: LHB Mark Marvin
|
0-0: Fly out, F9 (Flyball, 9, EV 73.1 MPH)
|
|
Batting: LHB Steve Anderson
|
0-0: Called Strike 0-1: Foul Ball, location: 2F 0-2: Ball 1-2: Ball 2-2: Ball 3-2: Ground out 5-3 (Groundball, 56, EV 91.9 MPH)
|
|
Batting: LHB Austin Ohmer
|
0-0: Ball 1-0: Ball 2-0: Ball 3-0: Swinging Strike 3-1: Called Strike 3-2: Ground out U3 (Groundball, 3, EV 105.6 MPH)
|
| Bottom of the 1st over - 0 runs, 0 hits, 0 errors, 0 left on base; New York 0 - Montreal 0 |
| TOP OF THE 2ND |
|
New York Mets batting - Pitching for Montreal Expos : RHP Jonathan Jackson
|
|
Batting: SHB Roberto Magne
|
0-0: Called Strike 0-1: Ball 1-1: Ball 2-1: Ground out 4-3 (Groundball, 4D, EV 108.1 MPH)
|
|
Batting: RHB Drtian Thaqi
|
0-0: Called Strike 0-1: Ground out 5-3 (Groundball, 56S, EV 88.1 MPH)
|
|
Batting: SHB Javy Rosa
|
0-0: Ball 1-0: Ball 2-0: SINGLE (Groundball, 4D, EV 101.9 MPH)
|
|
Batting: RHB Antonio Aranda
|
0-0: Called Strike 0-1: 2-RUN HOME RUN (Flyball, 9LD, EV 97.5 MPH), Distance : 351 ft
|
|
Batting: RHB Jordan Fairburn
|
0-0: Called Strike 0-1: Ground out 5-3 (Groundball, 56, EV 107.5 MPH)
|
| Top of the 2nd over - 2 runs, 2 hits, 0 errors, 0 left on base; New York 2 - Montreal 0 |
| BOTTOM OF THE 2ND |
|
Montreal Expos batting - Pitching for New York Mets : RHP Apostolos Tsatsos
|
|
Batting: LHB Bill McGregor
|
0-0: Foul Ball, location: 2F 0-1: Ball 1-1: Ball 2-1: Ball 3-1: Foul Ball, location: 2F 3-2: TRIPLE (Flyball, 89XD, EV 107.5 MPH)
|
|
Batting: RHB Steve French
|
0-0: Foul Ball, location: 2F 0-1: Foul Ball, location: 2F 0-2: Ball 1-2: Fly out, F9 (Line Drive, 9, EV 91.9 MPH) Runner from 3rd tags up, SCORES, no throw by RF
|
|
Batting: SHB Lou Kroneman
|
0-0: Fly out, F7 (Flyball, 7LM, EV 92.5 MPH)
|
|
Batting: RHB Shigem Kubo
|
0-0: Ball 1-0: Ball 2-0: Called Strike 2-1: Called Strike 2-2: Fly out, F6 (Popup, 6, EV 66.9 MPH)
|
| Bottom of the 2nd over - 1 run, 1 hit, 0 errors, 0 left on base; New York 2 - Montreal 1 |
| TOP OF THE 3RD |
|
New York Mets batting - Pitching for Montreal Expos : RHP Jonathan Jackson
|
|
Batting: RHB Mike Phillips
|
0-0: Foul Ball, location: 2F 0-1: Ball 1-1: Foul Ball, location: 2F 1-2: Strikes out swinging
|
|
Batting: RHB Finn Ross
|
0-0: Called Strike 0-1: Swinging Strike 0-2: Foul Ball, location: 2F 0-2: Ball 1-2: Strikes out swinging
|
|
Batting: RHB Billy Walker
|
0-0: Ball 1-0: Called Strike 1-1: DOUBLE (Line Drive, 7LS, EV 105.0 MPH)
|
|
Batting: LHB Kevin Bellman
|
0-0: Ball 1-0: Foul Ball, location: 2F 1-1: Swinging Strike 1-2: Foul Ball, location: 2F 1-2: Foul Ball, location: 2F 1-2: Ball 2-2: Ball 3-2: Foul Ball, location: 2F 3-2: Foul Ball, location: 2F 3-2: DOUBLE (Line Drive, 89XD, EV 101.9 MPH) Billy Walker scores
|
|
Batting: SHB Roberto Magne
|
0-0: Fly out, F8 (Flyball, 8RXD, EV 75.6 MPH)
|
| Top of the 3rd over - 1 run, 2 hits, 0 errors, 1 left on base; New York 3 - Montreal 1 |
| BOTTOM OF THE 3RD |
|
Montreal Expos batting - Pitching for New York Mets : RHP Apostolos Tsatsos
|
|
Batting: RHB Robby Juarez
|
0-0: Swinging Strike 0-1: Foul Ball, location: 2F 0-2: Ball 1-2: Ball 2-2: Ball 3-2: Strikes out swinging
|
|
Batting: RHB Eugênio Asceno
|
0-0: SINGLE (Line Drive, 6MD, EV 98.1 MPH)
|
|
Batting: LHB Mark Marvin
|
0-0: Ball 1-0: Ball 2-0: Foul Ball, location: 2F 2-1: Ball 3-1: Foul Ball, location: 2F 3-2: Base on Balls Eugênio Asceno to second
|
|
Batting: LHB Steve Anderson
|
0-0: Swinging Strike 0-1: Ball 1-1: Foul Ball, location: 2F 1-2: Strikes out swinging
|
|
Batting: LHB Austin Ohmer
|
0-0: Foul Ball, location: 2F 0-1: Called Strike 0-2: Ball 1-2: SINGLE (Line Drive, 4MD, EV 98.8 MPH) Eugênio Asceno to third Mark Marvin to second Runner from 3rd tries for Home, SAFE, throw by CF to home
|
|
Batting: LHB Bill McGregor
|
0-0: Ball 1-0: Ball 2-0: Called Strike 2-1: Ball 3-1: Swinging Strike 3-2: Strikes out swinging
|
| Bottom of the 3rd over - 1 run, 2 hits, 0 errors, 2 left on base; New York 3 - Montreal 2 |
| TOP OF THE 4TH |
|
New York Mets batting - Pitching for Montreal Expos : RHP Jonathan Jackson
|
|
Batting: RHB Drtian Thaqi
|
0-0: DOUBLE (Line Drive, 89M, EV 90.0 MPH)
|
|
Batting: SHB Javy Rosa
|
0-0: Foul Ball, location: 2F 0-1: Ball 1-1: Foul Ball, location: 2F 1-2: Foul Ball, location: 2F 1-2: Ball 2-2: Hit by Pitch
|
|
Batting: RHB Antonio Aranda
|
0-0: Called Strike 0-1: Foul Ball, location: 2F 0-2: Ball 1-2: Ball 2-2: Fly out, F4 (Popup, 34, EV 63.1 MPH)
|
|
Batting: RHB Jordan Fairburn
|
0-0: Ball 1-0: Ball 2-0: Ball 3-0: Called Strike 3-1: Foul Ball, location: 2F 3-2: Foul Ball, location: 2F 3-2: Foul Ball, location: 2F 3-2: Fly out, F4 (Popup, 4MD, EV 45.6 MPH)
|
|
Batting: RHB Mike Phillips
|
0-0: Swinging Strike 0-1: Swinging Strike 0-2: Ball 1-2: Foul Ball, location: 2F 1-2: Strikes out swinging
|
| Top of the 4th over - 0 runs, 1 hit, 0 errors, 2 left on base; New York 3 - Montreal 2 |
| BOTTOM OF THE 4TH |
|
Montreal Expos batting - Pitching for New York Mets : RHP Apostolos Tsatsos
|
|
Batting: RHB Steve French
|
0-0: Ball 1-0: Ball 2-0: Called Strike 2-1: Foul Ball, location: 2F 2-2: Ball 3-2: SINGLE (Flyball, 9LS, EV 93.1 MPH) - OUT at second base trying to stretch hit.
|
|
Batting: SHB Lou Kroneman
|
0-0: Called Strike 0-1: Ball 1-1: Ball 2-1: Foul Ball, location: 2F 2-2: Foul Ball, location: 2F 2-2: Fly out, F7 (Line Drive, 7, EV 91.2 MPH)
|
|
Batting: RHB Shigem Kubo
|
0-0: Ball 1-0: Foul Ball, location: 2F 1-1: Ball 2-1: Foul Ball, location: 2F 2-2: Ground out 4-3 (Groundball, 4M, EV 100.0 MPH)
|
| Bottom of the 4th over - 0 runs, 1 hit, 0 errors, 0 left on base; New York 3 - Montreal 2 |
| TOP OF THE 5TH |
|
New York Mets batting - Pitching for Montreal Expos : RHP Jonathan Jackson
|
|
Batting: RHB Finn Ross
|
0-0: Ball 1-0: DOUBLE (Line Drive, 78XD, EV 99.4 MPH)
|
|
Batting: RHB Billy Walker
|
0-0: Foul Ball, location: 2F 0-1: Called Strike 0-2: Foul Ball, location: 2F 0-2: Ball 1-2: Foul Ball, location: 2F 1-2: Ball 2-2: Ball 3-2: Fly out, F8 (Flyball, 89S, EV 90.0 MPH)
|
|
Batting: LHB Kevin Bellman
|
0-0: Ball Finn Ross steals 3rd, throwing error, E2 Finn Ross scores 1-0: SOLO HOME RUN (Flyball, 9D, EV 101.2 MPH), Distance : 364 ft
|
|
Pitching: LHP Kyle Schlosschlonghair
|
|
|
Batting: SHB Roberto Magne
|
0-0: Ball 1-0: Ball 2-0: Ball 3-0: Base on Balls
|
|
Batting: RHB Drtian Thaqi
|
0-0: Ball 1-0: Swinging Strike 1-1: Fly out, F8 (Line Drive, 8LM, EV 93.1 MPH)
|
|
Batting: SHB Javy Rosa
|
0-0: Called Strike 0-1: Ball 1-1: Called Strike 1-2: Ball 2-2: SINGLE (Groundball, 6MD, EV 110.6 MPH) Roberto Magne to second Runner from 2nd tries for 3rd, SAFE, throw by CF made at trailing runner, OUT! 8-4
|
| Top of the 5th over - 2 runs, 3 hits, 1 error, 1 left on base; New York 5 - Montreal 2 |
| BOTTOM OF THE 5TH |
|
Montreal Expos batting - Pitching for New York Mets : RHP Apostolos Tsatsos
|
|
Batting: RHB Robby Juarez
|
0-0: Ball 1-0: Ground out 6-3 (Groundball, 6, EV 102.5 MPH)
|
|
Batting: RHB Eugênio Asceno
|
0-0: Called Strike 0-1: Foul Ball, location: 2F 0-2: Ball 1-2: Ball 2-2: Strikes out swinging
|
|
Batting: LHB Mark Marvin
|
0-0: Ball 1-0: Ball 2-0: Ball 3-0: Called Strike 3-1: Called Strike 3-2: Foul Ball, location: 2F 3-2: Foul Ball, location: 2F 3-2: Foul Ball, location: 2F 3-2: Base on Balls
|
|
Batting: LHB Steve Anderson
|
0-0: Called Strike 0-1: Called Strike 0-2: Foul Ball, location: 2F 0-2: SINGLE (Line Drive, 56D, EV 99.4 MPH) Mark Marvin to second Runner from 2nd tries for 3rd, SAFE, no throw by LF
|
|
Batting: LHB Austin Ohmer
|
0-0: Ball 1-0: Ball 2-0: Ball 3-0: Base on Balls Steve Anderson to second
|
|
Batting: LHB Bill McGregor
|
0-0: GRAND SLAM HOME RUN (Flyball, 89XD, EV 100.6 MPH), Distance : 388 ft
|
|
Pitching: RHP Billy McIntyre
|
|
|
Batting: RHB Steve French
|
0-0: Fly out, F7 (Flyball, 78D, EV 102.5 MPH)
|
| Bottom of the 5th over - 4 runs, 2 hits, 0 errors, 0 left on base; New York 5 - Montreal 6 |
| TOP OF THE 6TH |
|
New York Mets batting - Pitching for Montreal Expos : LHP Kyle Schlosschlonghair
|
|
Batting: RHB Antonio Aranda
|
0-0: Ball 1-0: Swinging Strike 1-1: Called Strike 1-2: Ball 2-2: Ball 3-2: Base on Balls
|
|
Batting: RHB Jordan Fairburn
|
0-0: Sac Bunt to 2R - play at first, batter OUT! 2-3 Antonio Aranda to second
|
|
Batting: RHB Mike Phillips
|
0-0: Called Strike 0-1: Ball 1-1: Ground out 6-3 (Groundball, 6, EV 87.5 MPH) Antonio Aranda to third
|
|
Batting: RHB Finn Ross
|
0-0: Called Strike 0-1: Ball 1-1: Foul Ball, location: 2F 1-2: Strikes out swinging
|
| Top of the 6th over - 0 runs, 0 hits, 0 errors, 1 left on base; New York 5 - Montreal 6 |
| BOTTOM OF THE 6TH |
|
Montreal Expos batting - Pitching for New York Mets : RHP Billy McIntyre
|
|
Batting: SHB Lou Kroneman
|
0-0: Ball 1-0: Fly out, F8 (Line Drive, 8LD, EV 85.6 MPH)
|
|
Batting: RHB Shigem Kubo
|
0-0: Called Strike 0-1: Ball 1-1: Ball 2-1: Foul Ball, location: 2F 2-2: Ground out 1-3 (Groundball, 13S, EV 62.5 MPH)
|
|
Batting: RHB Robby Juarez
|
0-0: Swinging Strike 0-1: Foul Ball, location: 2F 0-2: Foul Ball, location: 2F 0-2: Ball 1-2: TRIPLE (Flyball, 9LD, EV 106.2 MPH)
|
|
Batting: RHB Eugênio Asceno
|
0-0: Ball 1-0: Called Strike 1-1: Ball 2-1: Foul Ball, location: 2F 2-2: Foul Ball, location: 2F 2-2: Foul Ball, location: 2F 2-2: Foul Ball, location: 2F 2-2: Ball 3-2: Strikes out swinging
|
| Bottom of the 6th over - 0 runs, 1 hit, 0 errors, 1 left on base; New York 5 - Montreal 6 |
| TOP OF THE 7TH |
|
New York Mets batting - Pitching for Montreal Expos : LHP Kyle Schlosschlonghair
|
|
Batting: RHB Billy Walker
|
0-0: Ball 1-0: Swinging Strike 1-1: Ball 2-1: Ball 3-1: Base on Balls
|
|
Batting: LHB Kevin Bellman
|
0-0: Ball 1-0: Called Strike 1-1: Fly out, F8 (Flyball, 89M, EV 77.5 MPH)
|
|
Batting: SHB Roberto Magne
|
0-0: Ball 1-0: Grounds into double play, 5-4-3 (Groundball, 56, EV 86.2 MPH)
|
| Top of the 7th over - 0 runs, 0 hits, 0 errors, 0 left on base; New York 5 - Montreal 6 |
| BOTTOM OF THE 7TH |
|
Montreal Expos batting - Pitching for New York Mets : RHP Billy McIntyre
|
|
Pitching: RHP Hugo Valentin
|
|
|
Batting: LHB Mark Marvin
|
0-0: Ball 1-0: Called Strike 1-1: Called Strike 1-2: Ground out 4-3 (Groundball, 4, EV 101.2 MPH)
|
|
Batting: LHB Steve Anderson
|
0-0: Called Strike 0-1: Ball 1-1: SINGLE (Flyball, 89M, EV 93.8 MPH)
|
|
Batting: LHB Austin Ohmer
|
0-0: Called Strike 0-1: Ball 1-1: Ball 2-1: Called Strike 2-2: Ball 3-2: Base on Balls Steve Anderson to second
|
|
Batting: LHB Bill McGregor
|
0-0: Ball 1-0: Ball 2-0: Called Strike 2-1: Ball 3-1: Swinging Strike 3-2: DOUBLE (Line Drive, 89XD, EV 108.1 MPH) Steve Anderson scores Austin Ohmer to third Runner from 3rd tries for Home, SAFE, throw by RF to home
|
|
Batting: RHB Steve French
|
0-0: Foul Ball, location: 2F 0-1: Foul Ball, location: 2F 0-2: Foul Ball, location: 2F 0-2: Ball 1-2: Ground out 4-3 (Groundball, 4M, EV 108.1 MPH) Bill McGregor to third
|
|
Batting: SHB Lou Kroneman
|
0-0: Swinging Strike 0-1: Swinging Strike 0-2: Foul Ball, location: 2F 0-2: Strikes out swinging
|
| Bottom of the 7th over - 2 runs, 2 hits, 0 errors, 1 left on base; New York 5 - Montreal 8 |
| TOP OF THE 8TH |
|
New York Mets batting - Pitching for Montreal Expos : LHP Kyle Schlosschlonghair
|
|
Pitching: RHP Zack Rust
|
|
|
Batting: RHB Drtian Thaqi
|
0-0: Called Strike 0-1: Foul Ball, location: 2F 0-2: Strikes out swinging
|
|
Batting: SHB Javy Rosa
|
0-0: Ball 1-0: Ball 2-0: Called Strike 2-1: Ball 3-1: Called Strike 3-2: TRIPLE (Flyball, 78XD, EV 99.4 MPH)
|
|
Pinch Hitting: SHB Sean Cook
|
0-0: Called Strike 0-1: Foul Ball, location: 2F 0-2: Ball 1-2: Strikes out swinging
|
|
Batting: RHB Jordan Fairburn
|
0-0: Ball 1-0: Ball 2-0: Ball 3-0: Called Strike 3-1: Foul Ball, location: 2F 3-2: Ground out 5-3 (Groundball, 5L, EV 80.6 MPH)
|
| Top of the 8th over - 0 runs, 1 hit, 0 errors, 1 left on base; New York 5 - Montreal 8 |
| BOTTOM OF THE 8TH |
|
Montreal Expos batting - Pitching for New York Mets : RHP Hugo Valentin
|
|
Pitching: RHP Ryan Wilson
|
|
|
Now in RF: Sean Cook
|
|
|
Batting: RHB Shigem Kubo
|
0-0: Called Strike 0-1: Called Strike 0-2: Ball 1-2: Strikes out swinging
|
|
Batting: RHB Robby Juarez
|
0-0: Swinging Strike 0-1: Ball 1-1: Called Strike 1-2: Ball 2-2: Strikes out swinging
|
|
Batting: RHB Eugênio Asceno
|
0-0: Ground out U3 (Groundball, 3, EV 82.5 MPH)
|
| Bottom of the 8th over - 0 runs, 0 hits, 0 errors, 0 left on base; New York 5 - Montreal 8 |
| TOP OF THE 9TH |
|
New York Mets batting - Pitching for Montreal Expos : RHP Zack Rust
|
|
Pitching: RHP Jakub Kvacek
|
|
|
Now at 3B: Tommy Mize
|
|
|
Batting: RHB Mike Phillips
|
0-0: Called Strike 0-1: Foul Ball, location: 2F 0-2: Ball 1-2: Strikes out looking
|
|
Batting: RHB Finn Ross
|
0-0: Foul Ball, location: 2F 0-1: Ball 1-1: Ground out 5-3 (Groundball, 5L, EV 85.6 MPH)
|
|
Batting: RHB Billy Walker
|
0-0: Ground out 6-3 (Groundball, 6, EV 85.6 MPH)
|
| Top of the 9th over - 0 runs, 0 hits, 0 errors, 0 left on base; New York 5 - Montreal 8 |
|